 Dungeon Crawl Stone Soup version 0.25.0-26-g0c896c7088 (webtiles) character file.

Game seed: 7458721110131044569

13711 Dirian the Cleaver (level 11, -6/97 HPs)
             Began as a Minotaur Fighter on July 1, 2020.
             Was an Elder of Makhleb.
             Mangled by a very large slime creature (47 damage)
             ... on level 12 of the Dungeon.
             The game lasted 00:19:38 (10155 turns).

Dirian the Cleaver (Minotaur Fighter)              Turns: 10155, Time: 00:19:39

Health: -6/97      AC: 14    Str: 24    XL:     11   Next: 79%
Magic:  15/15      EV:  7    Int:  5    God:    Makhleb [****..]
Gold:   612        SH: 12    Dex:  5    Spells: 10/10 levels left

rFire    + + .     SeeInvis .   a - +1 war axe
rCold    + . .     Gourm    .   c - +1 kite shield
rNeg     + . .     Faith    .   f - +0 chain mail
rPois    .         Spirit   .   (helmet restricted)
rElec    .         Reflect  .   (no cloak)
rCorr    .         Harm     .   i - +0 pair of gloves
MR       .....                  H - +0 pair of boots
Stlth    ..........             u - amulet of regeneration
HPRegen  0.66/turn              D - ring "Veys" {+Fly rF++ rC+ rN+ Dex-5}
MPRegen  0.14/turn              (no ring)

@: no status effects
A: retaliatory headbutt, horns 2
a: Minor Destruction, Lesser Servant of Makhleb, Major Destruction, Renounce
Religion, Evoke Flight


You were on level 12 of the Dungeon.
You worshipped Makhleb.
Makhleb was greatly pleased with you.
You were hungry.

You visited 2 branches of the dungeon, and saw 13 of its levels.

You collected 717 gold pieces.
You spent 105 gold pieces at shops.

Inventory:

Hand Weapons
 a - a +1 war axe (weapon)
 b - a +0 war axe
Armour
 c - a +1 kite shield (worn)
 f - a +0 chain mail (worn)
 i - a +0 pair of gloves (worn)
 H - a +0 pair of boots (worn)
Jewellery
 h - an uncursed ring of fire
 u - an amulet of regeneration (around neck)
 D - the ring "Veys" (left hand) {+Fly rF++ rC+ rN+ Dex-5}
   (You found it on level 11 of the Dungeon)

   [ring of flight]

   It affects your dexterity (-5).
   It greatly protects you from fire.
   It protects you from cold.
   It protects you from negative energy.
   It lets you fly.
 F - an uncursed ring of ice
Scrolls
 j - 3 scrolls of enchant weapon
 m - a scroll of silence
 p - a scroll of magic mapping
 r - 3 scrolls of identify
 t - 10 scrolls of teleportation
 x - 5 scrolls of remove curse
 y - a scroll of immolation
 z - a scroll of blinking
 E - a scroll of enchant armour
Potions
 d - a potion of might
 g - 2 potions of flight
 k - 2 potions of haste
 l - 2 potions of ambrosia
 n - 3 potions of resistance
 o - a potion of lignification
 q - 2 potions of curing
 s - a potion of invisibility
 v - 3 potions of mutation
 w - 2 potions of heal wounds
Comestibles
 e - 18 rations


   Skills:
 + Level 9.3 Fighting
 + Level 14.7 Axes
 + Level 9.6 Armour
 + Level 9.4 Shields
 * Level 6.8 Invocations


You had 10 spell levels left.
You didn't know any spells.
Your spell library contained the following spells:

 Spells                   Type           Power        Failure   Level  Hunger
 Beastly Appendage        Tmut           #.....       99%         1    ##.....
 Corona                   Hex            #......      99%         1    ##.....
 Magic Dart               Conj           #...         99%         1    ##.....
 Searing Ray              Conj           #.....       100%        2    ###....
 Slow                     Hex            #.......     100%        2    ###....
 Sticks to Snakes         Tmut           #.......     100%        2    ###....
 Dazzling Flash           Conj/Hex       #.....       100%        3    ####...
 Inner Flame              Hex/Fire       #.......     100%        3    ####...
 Portal Projectile        Hex/Tloc       #.....       100%        3    ####...
 Spider Form              Tmut/Pois      #.........   100%        3    ####...
 Cause Fear               Hex            #.........   100%        4    #####..
 Fulminant Prism          Conj/Hex       #.........   100%        4    #####..
 Ice Form                 Ice/Tmut       #.......     100%        4    #####..
 Iskenderun's Mystic Bla  Conj/Tloc      #.......     100%        4    #####..
 Leda's Liquefaction      Hex/Erth       #.........   100%        4    #####..
 Blade Hands              Tmut           #.........   100%        5    ######.


Dungeon Overview and Level Annotations

Branches:
Dungeon (12/15)            Temple (1/1) D:4            Lair (0/6) D:11
    Orc (0/2) D:10

Altars:
Ashenzari
Cheibriados
Dithmenos
Elyvilon
Fedhas
Gozag
Hepliaklqana
Kikubaaqudgha
Makhleb
Nemelex Xobeh
Okawaru
Qazlal
Ru
Sif Muna
Trog
Uskayaw
Vehumet
Wu Jian
Xom
Yredelemnul
Zin
The Shining One

Shops:
D:6 }   D:9 ?

Annotations:
D:9 1 runed translucent door, Aviak's ghost, novice OpIE
D:11 exclusion: 2 oklob plants


Innate Abilities, Weirdness & Mutations

You reflexively headbutt those who attack you in melee.
You have a pair of horns on your head.


Message History

Your shield and chain mail prevent you from hitting the slime creature.
The slime creature barely misses your hellwing.
Two slime creatures merge to form a very large slime creature.
Your hellwing hits the slime creature.
Your hellwing barely misses the slime creature.
Two slime creatures merge to form a large slime creature.
You block the slime creature's attack.
You slice the very large slime creature!!
The very large slime creature is severely wounded.
You slash the slime creature!
Your hellwing hits the large slime creature.
Your hellwing hits the large slime creature but does no damage.
You block the very large slime creature's attack.
You hit the very large slime creature but do no damage.
The very large slime creature is severely wounded.
You hit the slime creature.
The slime creature hits you but does no damage.
Your hellwing hits the large slime creature. x2
The very large slime creature hits you!!!
You die...

......(..# ######..######..
#.......... #.........[
#..######.. #4J# #..# #JJ# #.@#
#..######
###############.........
........................
.................######.
#..#####..#####..# #.. .# #..#
#..# #..# #.. .# #..# #..# #..#
#..# ..#
#..#####[.#####..######..####..##


You could see a very large slime creature, a large slime creature, a slime
creature and a friendly hellwing (summoned).

Vanquished Creatures
  Harold (D:7)
  A two-headed ogre (D:9)
  Pikel (D:8)
  2 deep elf magi
  An ugly thing (D:11)
  2 cyclopes (D:11)
  A centaur skeleton (D:12)
  A kobold demonologist (D:10)
  A queen bee (D:12)
  A troll (D:12)
  Prince Ribbit (D:7)
  The ghost of protoss039 the Magician, an amateur DsNe (D:4)
  Sigmund (D:3)
  6 yaks (D:5)
  A wraith (D:11)
  2 wyverns
  A vampire (D:10)
  2 humans (D:7)
  Grum (D:8)
  2 hungry ghosts
  Duvessa (D:6)
  5 sky beasts
  7 orc warriors
  A black bear (D:10)
  3 ice beasts
  4 phantoms
  6 ogres
  2 wolves (D:8)
  3 centaurs
  6 big kobolds
  4 bullfrogs
  A wyvern zombie (D:11)
  Dowan (D:7)
  3 scorpions
  17 killer bees
  10 wights
  3 crimson imps
  3 hounds
  4 orc priests
  5 jellies
  14 orc wizards
  An iguana (D:9)
  3 bullfrog skeletons
  4 worker ants
  A hound skeleton (D:11)
  Robin (D:3)
  A worker ant zombie (D:10)
  3 gnolls (D:8)
  10 adders
  6 shadow imps
  A white imp (D:6)
  An adder skeleton (D:4)
  An adder zombie (D:6)
  2 worms
  5 dart slugs
  4 leopard geckos
  32 orcs
  3 giant cockroaches
  13 goblins
  12 hobgoblins
  8 jackals
  2 quokkas
  6 bats
  6 frilled lizards
  36 kobolds
  11 kobold skeletons (D:10)
  7 kobold zombies (D:10)
  A leopard gecko skeleton (D:4)
  A quokka skeleton (D:4)
  5 rats
320 creatures vanquished.

Vanquished Creatures (collateral kills)
  A killer bee (D:12)
1 creature vanquished.

Vanquished Creatures (others)
  A necrophage (D:8)
  An orc (D:10)
  A quokka (D:8)
  A leopard gecko skeleton (D:8)
  3 fungi (D:9)
  3 plants (D:9)
10 creatures vanquished.

Grand Total: 331 creatures vanquished

Notes
Turn   | Place    | Note
-------+----------+-------------------------------------------
     0 | D:1      | Dirian the Minotaur Fighter began the quest for the Orb.
     0 | D:1      | Reached XP level 1. HP: 19/19 MP: 0/0
    60 | D:1      | Found a sparkling altar of Nemelex Xobeh.
   175 | D:1      | Reached XP level 2. HP: 27/27 MP: 1/1
   445 | D:1      | Reached skill level 3 in Axes
   606 | D:1      | Reached XP level 3. HP: 32/33 MP: 2/2
  1146 | D:2      | Reached skill level 4 in Axes
  1146 | D:2      | Reached XP level 4. HP: 34/40 MP: 3/3
  1753 | D:3      | Noticed Robin
  1766 | D:3      | Killed Robin
  2076 | D:3      | Noticed Sigmund
  2108 | D:3      | Killed Sigmund
  2108 | D:3      | Reached skill level 6 in Axes
  2108 | D:3      | Reached XP level 5. HP: 39/47 MP: 4/4
  2108 | D:3      | Reached XP level 6. HP: 44/53 MP: 5/5
  2303 | D:3      | Found a blossoming altar of Fedhas.
  2305 | D:3      | Found an ancient bone altar of Kikubaaqudgha.
  2561 | D:4      | Found a staircase to the Ecumenical Temple.
  2581 | Temple   | Entered the Ecumenical Temple
  2644 | Temple   | Became a worshipper of Makhleb the Destroyer
  2678 | D:4      | Found a transporter.
  2684 | D:4      | Found a transporter.
  2684 | D:4      | Noticed protoss039's ghost (amateur DsNe)
  2788 | D:4      | Reached skill level 7 in Axes
  3104 | D:4      | Found a sacrificial altar of Ru.
  3315 | D:4      | Reached XP level 7. HP: 39/60 MP: 6/6
  3324 | D:4      | Killed protoss039's ghost
  3324 | D:4      | Reached skill level 5 in Fighting
  3324 | D:4      | Reached skill level 8 in Axes
  3324 | D:4      | Reached skill level 5 in Armour
  3333 | D:4      | Reached skill level 5 in Shields
  3424 | D:5      | Entered Level 5 of the Dungeon
  3427 | D:5      | Noticed a yak
  3427 | D:5      | Noticed a yak
  3427 | D:5      | Noticed a yak
  3427 | D:5      | Noticed a yak
  3432 | D:5      | Noticed a yak
  3439 | D:5      | Killed a yak
  3439 | D:5      | Reached skill level 9 in Axes
  3442 | D:5      | Killed a yak
  3442 | D:5      | Reached XP level 8. HP: 47/68 MP: 7/7
  3453 | D:5      | Reached skill level 10 in Axes
  3463 | D:5      | Reached skill level 11 in Axes
  3696 | D:5      | Found an ornate altar of the Wu Jian Council.
  3938 | D:5      | Found a glowing silver altar of Zin.
  4001 | D:5      | Found a basalt altar of Yredelemnul.
  4006 | D:5      | Found a glowing golden altar of the Shining One.
  4008 | D:5      | Noticed an angel
  4318 | D:6      | Found a sparkling altar of Nemelex Xobeh.
  4444 | D:6      | Reached XP level 9. HP: 75/75 MP: 8/8
  4630 | D:6      | Found Abe Kukodi's Gadget Shop.
  4800 | D:7      | Noticed Dowan
  4805 | D:7      | Reached skill level 1 in Invocations
  4809 | D:7      | Killed Dowan
  4810 | D:7      | Noticed Duvessa
  4833 | D:6      | Killed Duvessa
  5057 | D:7      | Noticed Harold
  5077 | D:7      | Killed Harold
  5077 | D:7      | Reached skill level 12 in Axes
  5341 | D:7      | Noticed Prince Ribbit
  5367 | D:7      | Killed Prince Ribbit
  5437 | D:7      | Found an iron altar of Okawaru.
  5451 | D:7      | Reached * piety under Makhleb
  5591 | D:8      | Reached XP level 10. HP: 77/86 MP: 11/11
  5655 | D:8      | Noticed Pikel
  5690 | D:8      | Killed Pikel
  6371 | D:8      | Noticed Grum
  6384 | D:8      | Killed Grum
  6571 | D:9      | Reached ** piety under Makhleb
  6571 | D:9      | Reached skill level 13 in Axes
  6760 | D:9      | Noticed a deep elf mage
  6776 | D:9      | Killed a deep elf mage
  6877 | D:9      | Found Kyppuufa's Magic Scroll Shoppe.
  6882 | D:9      | Bought a scroll of magic mapping for 49 gold pieces
  6882 | D:9      | Bought a scroll of identify for 28 gold pieces
  6882 | D:9      | Bought a scroll of identify for 28 gold pieces
  6937 | D:9      | Reached skill level 5 in Invocations
  7046 | D:9      | Noticed a two-headed ogre
  7115 | D:9      | Killed a two-headed ogre
  7313 | D:9      | Found a runed translucent door.
  7314 | D:9      | Identified the cursed +1 spear of Superiority {venom, rF+
                  | Stlth+}
  7316 | D:9      | Noticed Aviak's ghost (novice OpIE)
  7322 | D:9      | Found a shattered altar of Ashenzari.
  7569 | D:10     | Entered Level 10 of the Dungeon
  7704 | D:10     | Reached XP level 11. HP: 95/95 MP: 14/14
  7764 | D:10     | Reached *** piety under Makhleb
  8199 | D:10     | Found a staircase to the Orcish Mines.
  8624 | D:10     | Reached **** piety under Makhleb
  8645 | D:10     | Found an ancient bone altar of Kikubaaqudgha.
  8661 | D:10     | Reached skill level 14 in Axes
  8981 | D:11     | Got a coiled brass ring
  9084 | D:11     | Noticed a green ugly thing
  9094 | D:11     | Killed a green ugly thing
  9236 | D:11     | Noticed an oklob plant
  9236 | D:11     | Noticed an oklob plant
  9257 | D:11     | HP: 3/95 [cyclops/large rock (12)]
  9421 | D:11     | Found a staircase to the Lair.
  9570 | D:11     | Noticed a deep elf mage
  9584 | D:11     | Killed a deep elf mage
  9700 | D:11     | Identified the ring "Veys" {+Fly rF++ rC+ rN+ Dex-5} (You
                  | found it on level 11 of the Dungeon)
  9881 | D:12     | Reached ***** piety under Makhleb
 10155 | D:12     | Mangled by a very large slime creature

Illustrated notes

Levels and vault maps discovered:
D:1:      dpeg_arrival_pits, layout_basic, nemelex_diamond_rough_becter
D:2:      layout_loops_ring, grunt_decor_arrowhead
D:3:      layout_rooms, grunt_temple_overflow_growth_and_decay,
          grunt_decor_mini_mirrors, uniq_robin, uniq_sigmund
D:4:      layout_cave_pods, kennysheep_mini, minmay_temple_entry_mini_moons,
          gammafunk_ghost_mausoleum
D:5:      layout_rooms, grunt_temple_overflow_holy_war, lemuel_crystal_altar,
          zin_statuary, first_ration
D:6:      layout_loops_ring, nemelex_xobeh_ov_fountains_minmay, serial_shops,
          kennysheep_mini_moat, minmay_fire_ice_demons
D:7:      layout_rooms, okawaru_humans, uniq_prince_ribbit1, uniq_harold,
          uniq_duvessa
D:8:      layout_basic, uniq_pikel, uniq_grum
D:9:      layout_loops_ring, lemuel_crystal_altar, ebering_ghost_funeral_grove,
          serial_shops, kennysheep_little_box
D:10:     wander_kiku_kobolds, layout_loops_ring, david_orc_4
D:11:     layout_cave_pools, dpeg_oklobed_lair
D:12:     layout_small_grid, basic_altar, david_nohive_1
Temple:   nicolae_temple_x_marks_the_god

Skill      XL: |  1  2  3  4  5  6  7  8  9 10 11 |
---------------+----------------------------------+-----
Fighting       | 4 5 6 7 8 9 |  9.3
Armour         | 4 5 6 7 8 9 |  9.6
Axes           | 3 4 6 7 9 11 12 13 14 | 14.7
Shields        | 4 5 7 8 9 |  9.4
Invocations    | 3 5 6 |  6.8

Action                   |  1- 3 |  4- 6 |  7- 9 | 10-12 || total
-------------------------+-------+-------+-------+-------++-------
Melee: War axe           |    68 |   105 |   190 |   556 ||   919
       Headbutt          |    11 |    13 |    41 |   113 ||   178
Invok: Lesser Servant of |       |       |       |     4 ||     4
  Use: Scroll            |       |     8 |     5 |    11 ||    24
       Potion            |       |       |     2 |     1 ||     3
  Eat: Chunk             |     1 |     6 |     5 |    14 ||    26
       Ration            |       |       |     1 |     1 ||     2
Armor: Scale mail        |    32 |    28 |    35 |       ||    95
       Chain mail        |       |       |    12 |   182 ||   194
       Skin              |       |       |     8 |       ||     8
Dodge: Dodged            |    23 |    26 |    33 |   105 ||   187
Block: Kite shield       |    32 |    57 |    87 |   297 ||   473
